 Dungeon Crawl Stone Soup version 0.26-a0-1129-gc5df7fbe6a (webtiles) character file.

Game seed: 429796427106374883

8387 tilp the Covert (level 11, -22/89 HPs)
             Began as a Gnoll Delver on Dec 18, 2020.
             Was a High Priest of Nemelex Xobeh.
             Annihilated by a white ugly thing (33 damage)
             ... on level 11 of the Dungeon.
             The game lasted 00:22:29 (11951 turns).

tilp the Covert (Gnoll Delver)                     Turns: 11951, Time: 00:22:29

Health: -22/89     AC: 23    Str: 14    XL:     11   Next: 30%
Magic:  20/20      EV: 10    Int: 15    God:    Nemelex Xobeh [*****.]
Gold:   205        SH:  0    Dex: 18    Spells: 21/22 levels left

rFire    . . .     SeeInvis .   a - +5 morningstar
rCold    . . .     Faith    .   (no shield)
rNeg     . . .     Spirit   .   o - +1 chain mail (curse)
rPois    +         Reflect  .   G - +2 hat
rElec    .         Harm     .   T - +2 cloak (curse)
rCorr    .         Rampage  .   (no gloves)
Will     .....                  S - +2 pair of boots {Stlth+}
Stlth    +++.......             (no amulet)
HPRegen  0.24/turn              A - +4 ring of protection
MPRegen  0.17/turn              C - ring of poison resistance

@: no status effects
A: distributed training, fangs 1, strong nose
a: Renounce Religion, Draw Escape, Draw Destruction, Draw Summoning, Triple
Draw, Deal Four, Stack Five


You were on level 11 of the Dungeon.
You worshipped Nemelex Xobeh.
Nemelex Xobeh was extremely pleased with you.
You visited 2 branches of the dungeon, and saw 12 of its levels.

You collected 853 gold pieces.
You spent 648 gold pieces at shops.

Inventory:

Hand Weapons
 a - a +5 morningstar (weapon)
 b - a +2 mace of protection
 y - the +5 hand axe of Capital Punishment {pain, Dex+4}
   (You found it on level 4 of the Dungeon)

   In the hands of one skilled in necromantic magic, it inflicts extra damage on
   living creatures.
   It affects your dexterity (+4).
 B - the +7 war axe "Vaole" {freeze, +Blink rElec Will- Stlth+}
   (You found it on level 5 of the Dungeon)

   It has been specially enchanted to freeze those struck by it, causing extra
   injury to most foes and up to half again as much damage against particularly
   susceptible opponents.
   It can also slow down cold-blooded creatures.
   It insulates you from electricity.
   It affects your willpower, your defense against some magical effects.
   It lets you blink.
   It makes you more stealthy.
Missiles
 d - 404 stones
 n - 9 boomerangs (quivered)
 D - 16 poisoned darts
 R - 5 javelins
 X - 6 silver javelins
Armour
 o - a cursed +1 chain mail (worn)
 G - a +2 hat (worn)
 P - a +0 plate armour
 S - a +2 pair of boots of stealth (worn)
 T - a cursed +2 cloak (worn)
Magical Staves
 W - an uncursed staff of earth {unknown}
Jewellery
 l - a +6 ring of intelligence
 u - an uncursed ring of stealth
 A - a +4 ring of protection (left hand)
 C - a ring of poison resistance (right hand)
 E - an uncursed ring of magical power
 K - an uncursed amulet of faith
 N - a cursed ring of teleportation {unknown}
Wands
 g - a wand of digging (6)
 q - a wand of paralysis (16)
 F - a wand of polymorph (6)
 U - a wand of random effects (10)
 Y - a wand of acid (10)
Scrolls
 c - 2 scrolls of fog
 e - 6 scrolls of fear
 k - 3 scrolls of teleportation
 m - 2 scrolls of magic mapping
 p - 2 scrolls of amnesia
 s - 3 scrolls of blinking
 t - 6 scrolls of remove curse
 L - 3 scrolls of identify
 M - a scroll of enchant weapon
 O - a scroll of summoning {unknown}
 Q - a scroll of torment {unknown}
Potions
 f - 2 potions of haste
 h - 2 potions of mutation
 i - 4 potions of curing
 j - 2 potions of heal wounds
 r - 2 potions of flight
 v - 2 potions of magic
 w - 2 potions of berserk rage
 x - a potion of resistance
 z - a potion of invisibility
 H - a potion of lignification
 I - 2 potions of brilliance
 J - 2 potions of might
 V - a potion of cancellation {unknown}


   Skills:
 + Level 9.1 Fighting
 + Level 6.1 Short Blades
 + Level 6.1 Long Blades
 + Level 6.1 Axes
 + Level 7.7 Maces & Flails
 + Level 6.1 Polearms
 + Level 6.1 Staves
 + Level 6.1 Slings
 + Level 6.1 Bows
 + Level 6.1 Crossbows
 + Level 6.1 Throwing
 + Level 6.1 Armour
 + Level 7.7 Dodging
 + Level 11.2 Stealth
 + Level 6.1 Shields
 + Level 6.1 Unarmed Combat
 + Level 6.1 Spellcasting
 + Level 5.1 Conjurations
 + Level 5.1 Hexes
 + Level 5.1 Summonings
 + Level 5.1 Necromancy
 + Level 5.1 Translocations
 + Level 5.1 Transmutations
 + Level 5.1 Fire Magic
 + Level 5.1 Ice Magic
 + Level 5.1 Air Magic
 + Level 5.1 Earth Magic
 + Level 5.1 Poison Magic
 + Level 6.7 Invocations
 + Level 6.1 Evocations


You had 21 spell levels left.
You knew the following spells:

 Your Spells              Type           Power        Failure   Level
a - Apportation           Tloc           38%          34%         1

Your spell library contained the following spells:

 Spells                   Type           Power        Failure   Level
 Beastly Appendage        Tmut           38%          34%         1
 Wereblood                Tmut           19%          45%         2
 Lesser Beckoning         Tloc           9%           71%         3
 Spider Form              Tmut/Pois      9%           71%         3
 Tukima's Dance           Hex            19%          71%         3
 Ice Form                 Ice/Tmut       19%          98%         4
 Alistair's Intoxication  Tmut/Pois      12%          100%        5
 Blade Hands              Tmut           9%           100%        5
 Invisibility             Hex            19%          100%        6


Dungeon Overview and Level Annotations

Branches:
Dungeon (11/15)            Temple (1/1) D:5            Lair (0/6) D:10
    Orc (0/2) D:10

Altars:
Ashenzari
Cheibriados
Dithmenos
Elyvilon
Fedhas
Gozag
Hepliaklqana
Kikubaaqudgha
Makhleb
Nemelex Xobeh
Okawaru
Qazlal
Ru
Sif Muna
Trog
Uskayaw
Vehumet
Wu Jian
Xom
Yredelemnul
Zin
The Shining One
Jiyva
Lugonu

Shops:
D:5 =   D:7 !   D:8 (   D:9 ([}*!   D:10 (

Annotations:
D:9 exclusions: centaur, 3 iron imps, 3 orange demons and 1 more exclusion, Erolcha
D:10 2 transporters


Innate Abilities, Weirdness & Mutations

Your experience applies equally to all skills.
You have very sharp teeth.
Your uncanny sense of smell can sniff out nearby items.


Message History

The white ugly thing is severely wounded.
The white ugly thing tail-slaps you. The white ugly thing freezes you!!
You thump the white ugly thing!
The white ugly thing is severely wounded.
The white ugly thing tail-slaps you but does no damage.
An eye of draining comes into view.
The komodo dragon bites you!!
* * * LOW HITPOINT WARNING * * *
You closely miss the white ugly thing.
The eye of draining turns its gaze towards you.
You bite the white ugly thing, but do no damage.
The white ugly thing is severely wounded.
The white ugly thing tail-slaps you but does no damage.
The komodo dragon bites you!!
* * * LOW HITPOINT WARNING * * *
The white ugly thing tail-slaps you.
* * * LOW HITPOINT WARNING * * *
The white ugly thing freezes you!!
You die...
Your body glows slightly and disappears.

..#....####...
...#G.....#...
..$..........#
.............# .
......:......###..
..............#....
.................##
.........lu..........
..........@..........
.....................
................#...
#....#.........# ..
....
#..###............
#.$..
#.............#^..
....#
#...<........##...
.... #..........>.#
.. . #..
##..#........##


You could see a white ugly thing, a komodo dragon and an eye of draining.

Vanquished Creatures
  Josephine (D:11)
  A two-headed ogre (D:10)
  An unseen horror (D:10)
  An orc knight (D:10)
  An ugly thing (D:11)
  A salamander (D:10)
  A centaur skeleton (D:8)
  4 hogs (D:8)
  3 wraiths
  A human (D:8)
  3 orc warriors
  2 black bears (D:10)
  2 ice beasts
  A phantom (D:4)
  An eye of draining (D:8)
  4 ogres
  A necrophage (D:7)
  3 centaurs
  A big kobold (D:9)
  4 bullfrogs
  A gnoll sergeant (D:7)
  A wyvern zombie (D:5)
  3 scorpions
  A killer bee (D:10)
  A howler monkey (D:10)
  2 electric eels (D:8)
  2 centaur zombies
  A bullfrog zombie (D:7)
  A hound (D:9)
  4 jellies
  4 orc priests
  6 orc wizards
  Jessica (D:2)
  5 worker ants
  2 iguanas
  A hound zombie (D:8)
  A worker ant zombie (D:8)
  10 adders
  6 gnolls
  A shadow imp (D:9)
  3 white imps
  2 ufetubi
  A worm (D:3)
  5 leopard geckos
  23 orcs
  9 bats
  7 giant cockroaches
  4 goblins
  6 hobgoblins
  11 jackals
  4 quokkas
  A frilled lizard (D:1)
  A jackal skeleton (D:5)
  A jackal zombie (D:7)
  13 kobolds
  A leopard gecko zombie (D:7)
  6 rats
189 creatures vanquished.

Vanquished Creatures (collateral kills)
  A two-headed ogre (D:8)
  Grinder (D:3)
  Prince Ribbit (D:5)
  Purgy (D:3)
  2 orc wizards (D:5)
  Ijyb (D:3)
  A leopard gecko (D:3)
  An orc (D:5)
9 creatures vanquished.

Vanquished Creatures (others)
  23 fungi
  15 plants (D:10)
38 creatures vanquished.

Grand Total: 236 creatures vanquished

Notes
Turn   | Place    | Note
-------+----------+-------------------------------------------
     0 | D:5      | Reached skill level 9 in Stealth
     0 | D:5      | tilp the Gnoll Delver began the quest for the Orb.
     0 | D:5      | Reached XP level 1. HP: 23/23 MP: 1/1
    42 | D:5      | Found a staircase to the Ecumenical Temple.
    59 | Temple   | Entered the Ecumenical Temple
   287 | Temple   | Became a worshipper of Nemelex Xobeh the Trickster
   332 | D:4      | Noticed an ogre
   916 | D:3      | Reached XP level 2. HP: 28/29 MP: 2/2
  1217 | D:2      | Noticed Jessica
  1516 | D:1      | Reached XP level 3. HP: 35/35 MP: 3/3
  1537 | D:1      | Reached * piety under Nemelex Xobeh
  1846 | D:1      | Reached skill level 1 in Invocations
  2444 | D:2      | Reached skill level 1 in Short Blades
  2444 | D:2      | Reached skill level 1 in Long Blades
  2444 | D:2      | Reached skill level 1 in Axes
  2444 | D:2      | Reached skill level 1 in Polearms
  2444 | D:2      | Reached skill level 1 in Staves
  2444 | D:2      | Reached skill level 1 in Slings
  2444 | D:2      | Reached skill level 1 in Bows
  2444 | D:2      | Reached skill level 1 in Crossbows
  2444 | D:2      | Reached skill level 1 in Throwing
  2444 | D:2      | Reached skill level 1 in Armour
  2444 | D:2      | Reached skill level 1 in Shields
  2444 | D:2      | Reached skill level 1 in Unarmed Combat
  2444 | D:2      | Reached skill level 1 in Spellcasting
  2444 | D:2      | Reached skill level 1 in Evocations
  2486 | D:2      | Killed Jessica
  2487 | D:2      | Reached XP level 4. HP: 41/41 MP: 5/5
  2610 | D:2      | Reached skill level 1 in Conjurations
  2610 | D:2      | Reached skill level 1 in Hexes
  2610 | D:2      | Reached skill level 1 in Summonings
  2610 | D:2      | Reached skill level 1 in Necromancy
  2610 | D:2      | Reached skill level 1 in Translocations
  2610 | D:2      | Reached skill level 1 in Transmutations
  2610 | D:2      | Reached skill level 1 in Fire Magic
  2610 | D:2      | Reached skill level 1 in Ice Magic
  2610 | D:2      | Reached skill level 1 in Air Magic
  2610 | D:2      | Reached skill level 1 in Earth Magic
  2610 | D:2      | Reached skill level 1 in Poison Magic
  2653 | D:2      | Found a stormy altar of Qazlal.
  2659 | D:2      | Found a blossoming altar of Fedhas.
  2802 | D:3      | Noticed Grinder
  2880 | D:3      | Received a gift from Nemelex Xobeh
  2900 | D:3      | Paralysed by Grinder for 3 turns
  2913 | D:3      | Killed Grinder
  2914 | D:3      | Reached XP level 5. HP: 47/47 MP: 5/7
  2916 | D:3      | Noticed Ijyb
  2923 | D:3      | Killed Ijyb
  3045 | D:3      | Reached XP level 6. HP: 53/53 MP: 8/8
  3087 | D:3      | Noticed Purgy
  3090 | D:3      | Killed Purgy
  3212 | D:3      | Found an ornate altar of the Wu Jian Council.
  3216 | D:3      | Reached ** piety under Nemelex Xobeh
  3358 | D:3      | Reached skill level 5 in Maces & Flails
  3358 | D:3      | Reached skill level 5 in Dodging
  3556 | D:4      | Got a jewelled hand axe
  3606 | D:4      | Noticed a phantom
  3614 | D:4      | Killed a phantom
  3615 | D:4      | Reached XP level 7. HP: 58/59 MP: 10/10
  4318 | D:5      | Found a bloodstained altar of Trog.
  4378 | D:5      | Got a bloodstained war axe
  4452 | D:5      | Noticed Prince Ribbit
  4604 | D:5      | Found Otoage's Jewellery Emporium.
  4614 | D:5      | Bought an uncursed ring of poison resistance for 240 gold
                  | pieces
  4679 | D:5      | Found a glowing golden altar of the Shining One.
  4997 | D:5      | Received a gift from Nemelex Xobeh
  5024 | D:5      | Noticed an insubstantial wisp
  5068 | D:5      | Killed Prince Ribbit
  5234 | D:5      | Found a broken altar of Ashenzari.
  5547 | D:5      | Identified the +5 hand axe of Capital Punishment {pain,
                  | Dex+4} (You found it on level 4 of the Dungeon)
  5548 | D:5      | Identified the +7 war axe "Vaole" {freeze, +Blink rElec
                  | Will- Stlth+} (You found it on level 5 of the Dungeon)
  5627 | D:6      | Reached skill level 10 in Stealth
  5642 | D:6      | Reached XP level 8. HP: 64/67 MP: 12/12
  5768 | D:6      | Reached *** piety under Nemelex Xobeh
  7088 | D:7      | Reached XP level 9. HP: 69/72 MP: 14/14
  7174 | D:7      | Found Jakicwis's Distillery.
  7467 | D:7      | Found a hazy altar of Hepliaklqana.
  7467 | D:7      | Found a hide-covered altar of Uskayaw.
  7670 | D:8      | Reached **** piety under Nemelex Xobeh
  7821 | D:8      | Learned a level 1 spell: Apportation
  7932 | D:8      | Found a white marble altar of Elyvilon.
  7944 | D:8      | Noticed a two-headed ogre
  7954 | D:8      | Killed a two-headed ogre
  8046 | D:8      | Received a gift from Nemelex Xobeh
  8419 | D:8      | Found Qoshy's Weapon Emporium.
  8517 | D:8      | Reached skill level 5 in Invocations
  8633 | D:8      | Reached XP level 10. HP: 78/80 MP: 15/17
  8730 | D:8      | Found a shadowy altar of Dithmenos.
  8747 | D:8      | Found a snail-covered altar of Cheibriados.
  8881 | D:8      | Reached ***** piety under Nemelex Xobeh
  9140 | D:9      | Reached skill level 5 in Short Blades
  9140 | D:9      | Reached skill level 5 in Long Blades
  9140 | D:9      | Reached skill level 5 in Axes
  9140 | D:9      | Reached skill level 5 in Polearms
  9140 | D:9      | Reached skill level 5 in Staves
  9140 | D:9      | Reached skill level 5 in Slings
  9140 | D:9      | Reached skill level 5 in Bows
  9140 | D:9      | Reached skill level 5 in Crossbows
  9140 | D:9      | Reached skill level 5 in Throwing
  9140 | D:9      | Reached skill level 5 in Armour
  9140 | D:9      | Reached skill level 5 in Shields
  9140 | D:9      | Reached skill level 5 in Unarmed Combat
  9140 | D:9      | Reached skill level 5 in Spellcasting
  9140 | D:9      | Reached skill level 5 in Evocations
  9144 | D:9      | Noticed an orange demon
  9144 | D:9      | Noticed an orange demon
  9164 | D:9      | Found Wasuthroe's Distillery.
  9169 | D:9      | Bought a potion of resistance for 100 gold pieces
  9169 | D:9      | Bought a potion of might for 40 gold pieces
  9184 | D:9      | Found a corrupted altar of Lugonu.
  9184 | D:9      | Noticed a rust devil
  9224 | D:9      | Found Qiodgh's General Store.
  9227 | D:9      | Bought a potion of brilliance for 52 gold pieces
  9324 | D:9      | Received a gift from Nemelex Xobeh
  9345 | D:9      | Found a glowing silver altar of Zin.
  9409 | D:9      | Found Otifaaps's Gadget Emporium.
  9428 | D:9      | Found Liris's Weapon Shoppe.
  9439 | D:9      | Noticed Erolcha
  9725 | D:9      | Noticed an orange demon
  9837 | D:9      | Found Tais Veoch's Armour Shoppe.
 10101 | D:10     | Entered Level 10 of the Dungeon
 10101 | D:10     | Found a staircase to the Orcish Mines.
 10101 | D:10     | Found Uxtint's Weapon Shoppe.
 10101 | D:10     | Noticed an orc knight
 10105 | D:10     | Noticed a two-headed ogre
 10224 | D:10     | Killed an unseen horror
 10349 | D:10     | Noticed Urug
 10352 | D:10     | Noticed Urug
 10352 | D:10     | Urug changed into Urug the salamander
 10359 | D:10     | Killed Urug the salamander
 10805 | D:10     | Found a viscous altar of Jiyva.
 10906 | D:9      | Bought a +1 pair of boots of stealth for 198 gold pieces
 10906 | D:9      | Bought a cursed +0 cloak for 18 gold pieces
 10981 | D:10     | Killed an orc knight
 11056 | D:10     | Reached skill level 11 in Stealth
 11269 | D:10     | Killed a two-headed ogre
 11308 | D:10     | Found a staircase to the Lair.
 11321 | D:10     | Reached XP level 11. HP: 87/87 MP: 19/19
 11622 | D:10     | Found a transporter.
 11623 | D:10     | Found a transporter.
 11626 | D:10     | Noticed a glowing orange brain
 11626 | D:10     | Noticed a great orb of eyes
 11648 | D:11     | Noticed a purple ugly thing
 11653 | D:11     | Killed a purple ugly thing
 11670 | D:11     | Noticed Josephine
 11678 | D:10     | Reached skill level 5 in Conjurations
 11678 | D:10     | Reached skill level 5 in Hexes
 11678 | D:10     | Reached skill level 5 in Summonings
 11678 | D:10     | Reached skill level 5 in Necromancy
 11678 | D:10     | Reached skill level 5 in Translocations
 11678 | D:10     | Reached skill level 5 in Transmutations
 11678 | D:10     | Reached skill level 5 in Fire Magic
 11678 | D:10     | Reached skill level 5 in Ice Magic
 11678 | D:10     | Reached skill level 5 in Air Magic
 11678 | D:10     | Reached skill level 5 in Earth Magic
 11678 | D:10     | Reached skill level 5 in Poison Magic
 11754 | D:11     | Killed Josephine
 11941 | D:11     | Noticed a white ugly thing
 11951 | D:11     | Annihilated by a white ugly thing

Illustrated notes

Levels and vault maps discovered:
D:1:      shiori_arrival_elements, layout_basic,
          hangedman_abyss_or_decor_lesser_grid, kennysheep_minor_cross
D:2:      cheibrodos_old_hovel, layout_rooms,
          grunt_temple_overflow_forces_of_nature, uniq_jessica
D:3:      layout_rooms, nicolae_overflow_crystal_walls, uniq_grinder, uniq_ijyb,
          uniq_purgy
D:4:      layout_cave_pools, dk_noncrumbling_3, kennysheep_doodads,
          kennysheep_small_circle
D:5:      layout_basic, bloody_trog, lemuel_coloured_pillars_altar,
          tso_metal_star, minmay_temple_entry_trees, serial_shops,
          shop_fountains, uniq_prince_ribbit1
D:6:      layout_gridville
D:7:      layout_loops_ring, amethyst_overflow_temple_binary, serial_shops, shop
D:8:      layout_cave_pods, kennysheep_mini_moat, grunt_dithmenos_smoke,
          serial_shops, nicolae_shop_crystal, serial_rivers,
          chequers_serial_rivers_marsh, chequers_serial_rivers_micro_d,
          chequers_serial_rivers_small_a, chequers_serial_rivers_room_a,
          chequers_serial_rivers_small_3, chequers_serial_rivers_room_a,
          fountainhead, dk_noncrumbling_4, grunt_livestock, elyvilon_altar_3
D:9:      layout_small_grid, zin_academy, serial_shops, nicolae_shop_stone,
          nicolae_shop_trees, kennysheep_little_box, shop_statue,
          nicolae_shop_waterfront, lemuel_hellish_altar, uniq_erolcha
D:10:     gammafunk_jiyva_shrine, layout_loops_ring,
          grunt_lair_entry_orc_guard_hut, orc_david_3, feat_on_display,
          uniq_urug
D:11:     layout_cave_pools, minmay_liquid_box, uniq_josephine
Temple:   minmay_temple_curvy_loop

Skill      XL: |  1  2  3  4  5  6  7  8  9 10 11 |
---------------+----------------------------------+-----
Stealth        | 10 11 | 11.2
Invocations    | 1 2 3 4 5 6 |  6.7
Short Blades   | 1 2 3 4 5 6 |  6.1
Long Blades    | 1 2 3 4 5 6 |  6.1
Axes           | 1 2 3 4 5 6 |  6.1
Polearms       | 1 2 3 4 5 6 |  6.1
Staves         | 1 2 3 4 5 6 |  6.1
Slings         | 1 2 3 4 5 6 |  6.1
Bows           | 1 2 3 4 5 6 |  6.1
Crossbows      | 1 2 3 4 5 6 |  6.1
Throwing       | 1 2 3 4 5 6 |  6.1
Armour         | 1 2 3 4 5 6 |  6.1
Shields        | 1 2 3 4 5 6 |  6.1
Unarmed Combat | 1 2 3 4 5 6 |  6.1
Spellcasting   | 1 2 3 4 5 6 |  6.1
Evocations     | 1 2 3 4 5 6 |  6.1
Conjurations   | 1 2 3 4 5 |  5.1
Hexes          | 1 2 3 4 5 |  5.1
Summonings     | 1 2 3 4 5 |  5.1
Necromancy     | 1 2 3 4 5 |  5.1
Translocations | 1 2 3 4 5 |  5.1
Transmutations | 1 2 3 4 5 |  5.1
Fire Magic     | 1 2 3 4 5 |  5.1
Ice Magic      | 1 2 3 4 5 |  5.1
Air Magic      | 1 2 3 4 5 |  5.1
Earth Magic    | 1 2 3 4 5 |  5.1
Poison Magic   | 1 2 3 4 5 |  5.1
Maces & Flails | 5 6 7 |  7.7
Dodging        | 5 6 7 |  7.7
Fighting       | 7 8 9 |  9.1

Action                   |  1- 3 |  4- 6 |  7- 9 | 10-12 || total
-------------------------+-------+-------+-------+-------++-------
Melee: Mace              |    62 |    63 |       |       ||   125
       Bite              |    12 |     4 |    27 |    22 ||    65
       Dagger            |    59 |       |       |       ||    59
       Morningstar       |       |    14 |   223 |   170 ||   407
       Punch             |       |     1 |     7 |     6 ||    14
       War axe           |       |       |     1 |     3 ||     4
Throw: Stone             |    15 |       |       |       ||    15
       Boomerang         |     4 |     9 |    35 |    37 ||    85
Invok: Draw Destruction  |       |     3 |     1 |    14 ||    18
       Draw Summoning    |       |     2 |     4 |     2 ||     8
Evoke: Wand              |       |       |     5 |       ||     5
  Use: Scroll            |     1 |     6 |    11 |     6 ||    24
 Stab: Sleeping          |    10 |     3 |     4 |       ||    17
       Distracted        |       |       |       |     1 ||     1
Armor: Leather armour    |    28 |    12 |       |       ||    40
       Chain mail        |       |    47 |   148 |   142 ||   337
Dodge: Dodged            |    70 |    56 |   103 |   105 ||   334

Table legend: (Time is in decaauts)
 A = Elapsed time spent in this place.
 B = Non-inter-level travel time spent in this place.
 C = Inter-level travel time spent in this place.
 D = Time resting spent in this place.
 E = Time spent auto-exploring this place.
 F = Levels seen in this place.
 G = Mean time per level.
                   A        B        C        D        E       F      G
               +--------+--------+--------+--------+--------+-----+--------+
         Total |  12105 |  11565 |    540 |   3323 |   6230 |  12 | 1008.8 |
       Dungeon |  11847 |  11376 |    471 |   3323 |   6044 |  11 | 1077.0 |
        Temple |    257 |    188 |     69 |      0 |    186 |   1 |  257.0 |
               +--------+--------+--------+--------+--------+-----+--------+

Top non-repeatable levels by time:
     D:8: 1682 daAuts
    D:10: 1589 daAuts
     D:3: 1288 daAuts
     D:6: 1198 daAuts
     D:4: 1145 daAuts
     D:5: 1111 daAuts
     D:1: 1041 daAuts
     D:9: 1015 daAuts
     D:7: 942 daAuts
     D:2: 766 daAuts
  Temple: 257 daAuts
    D:11: 66 daAuts
